 Dungeon Crawl Stone Soup version 0.19.1-1-g22dce08 (webtiles) character file.

21256 dngmouse the Unseen (level 12, -26/74 HPs)
             Began as a Vampire Enchanter on Jan 5, 2017.
             Was an Elder of Kikubaaqudgha.
             Annihilated by a large slime creature (42 damage)
             ... on level 12 of the Dungeon on Jan 6, 2017.
             The game lasted 01:31:40 (16110 turns).

dngmouse the Unseen (Vampire Enchanter)            Turns: 16110, Time: 01:31:43

Health: -26/74     AC:  0    Str:  7    XL:     12   Next: 52%
Magic:  11/26      EV: 29    Int: 22    God:    Kikubaaqudgha [****..]
Gold:   680        SH:  0    Dex: 20    Spells: 8 memorised, 12 levels left

rFire  . . .     SeeInvis +     (weapon currently unavailable)
rCold  + . .     Gourm    .     (armour currently unavailable)
rNeg   + + .     Faith    .     (shield currently unavailable)
rPois  +         Spirit   .     (helmet currently unavailable)
rElec  .         Reflect  .     (cloak currently unavailable)
rCorr  .         Harm     .     (gloves currently unavailable)
MR     +....                    (boots currently unavailable)
Stlth  +++++++++.               (no amulet)
                                (ring currently unavailable)
                                (ring currently unavailable)

@: bat-form, flying, regenerating slowly, very quick
A: fangs 3, see invisible, (unbreathing)
a: End Transformation, Receive Corpses, Renounce Religion


You were on level 12 of the Dungeon.
You worshipped Kikubaaqudgha.
Kikubaaqudgha was greatly pleased with you.
You were very thirsty.
You were in vampire-bat-form.
You visited 2 branches of the dungeon, and saw 13 of its levels.

You collected 680 gold pieces.

Inventory:

Hand Weapons
 a - a +5 dagger (melded)
Missiles
 y - 15 tomahawks (quivered)
 M - a throwing net
 N - 2 poisoned tomahawks
Armour
 l - a +2 cloak (melded)
 t - a +1 helmet (melded)
 C - a +0 pair of boots (melded)
 Q - a +0 pair of gloves (melded)
 V - +0 steam dragon scales (melded)
 Z - a +1 robe of fire resistance
Jewellery
 e - a +3 ring of evasion (melded)
 f - an uncursed ring of ice
 z - a +3 ring of slaying (melded)
 S - the ring of Ytemuokko {*Tele MR+ Str-2 Dex+3 Slay+2, unknown}
   (You found it on level 9 of the Dungeon)

   [ring of teleportation]

   It may teleport you next to monsters.
   It affects your strength (-2).
   It affects your dexterity (+3).
   It affects your accuracy and damage with ranged weapons and melee attacks
   (+2).
   It affects your resistance to hostile enchantments.
 X - an uncursed ring of stealth {unknown}
 Y - a cursed ring of teleportation {unknown}
Wands
 b - a wand of paralysis (7/24)
 k - a wand of disintegration (14/24)
 B - a wand of paralysis (24/24)
 R - a wand of digging (16/24)
 W - a wand of flame (22/48)
Scrolls
 i - 6 scrolls of teleportation
 j - a scroll of enchant armour {unknown}
 m - 2 scrolls of remove curse
 r - 2 scrolls of recharging
 u - a scroll of magic mapping {unknown}
 v - 8 scrolls of identify
 w - 2 scrolls of fear
 x - 2 scrolls of fog
 D - a scroll of amnesia {unknown}
 G - 2 scrolls of enchant weapon
 H - a scroll of immolation {unknown}
 I - 2 scrolls of random uselessness {unknown}
 K - a scroll of silence {unknown}
 L - 2 scrolls of noise {unknown}
Potions
 d - a potion of haste {unknown}
 g - 2 potions of agility {unknown}
 h - 2 potions of invisibility
 n - a potion of mutation {unknown}
 o - 5 potions of degeneration {unknown}
 q - a potion of flight
 s - 2 potions of brilliance {unknown}
 A - a potion of might {unknown}
 E - 2 potions of berserk rage {unknown}
 F - 5 potions of heal wounds {unknown}
 J - 3 potions of curing {unknown}
 O - a potion of cure mutation {unknown}
 P - a potion of cancellation {unknown}
 T - a potion of lignification {unknown}
Books
 c - a book of Maledictions

   Spells                             Type                      Level
   a - Corona                         Hexes                        1
   b - Ensorcelled Hibernation        Hexes/Ice                    2
   c - Confuse                        Hexes                        3
   d - Tukima's Dance                 Hexes                        3
   e - Dazzling Spray                 Conjuration/Hexes            3
 p - Kikubaaqudgha's Tome of Stolen Souls
   (Kikubaaqudgha gifted it to you on level 11 of the Dungeon)

   Spells                             Type                      Level
   a - Animate Dead                   Necromancy                   4
   b - Agony                          Necromancy                   5
   c - Dispel Undead                  Necromancy                   5
   d - Simulacrum                     Ice/Necromancy               6
   e - Death Channel                  Necromancy                   6
 U - Kikubaaqudgha's Grimoire of Evil Rites
   (Kikubaaqudgha gifted it to you on level 9 of the Dungeon)

   Spells                             Type                      Level
   a - Animate Skeleton               Necromancy                   1
   b - Corpse Rot                     Necromancy                   2
   c - Sublimation of Blood           Necromancy                   2
   d - Regeneration                   Charms/Necromancy            3
   e - Control Undead                 Necromancy                   4


   Skills:
 - Level 6.0 Short Blades
 * Level 8.6 Dodging
 + Level 18.8 Stealth
 + Level 10.0 Spellcasting
 - Level 10.2 Hexes
 * Level 6.5 Necromancy
 - Level 1.0 Ice Magic


You had 12 spell levels left.
You knew the following spells:

 Your Spells              Type           Power        Failure   Level  Hunger
a - Ensorcelled Hibernat  Hex/Ice        #####.       1%          2    None
b - Confuse               Hex            ######..     1%          3    None
c - Corona                Hex            ######.      1%          1    None
d - Tukima's Dance        Hex            ######..     1%          3    None
e - Dazzling Spray        Conj/Hex       ####..       1%          3    None
f - Animate Skeleton      Necr           N/A          1%          1    None
g - Corpse Rot            Necr           N/A          1%          2    None
h - Animate Dead          Necr           N/A          4%          4    ##.....


Dungeon Overview and Level Annotations

Branches:
Dungeon (12/15)            Temple (1/1) D:5            Lair (0/6) D:8
    Orc (0/2) D:9

Altars:
Ashenzari
Cheibriados
Dithmenos
Elyvilon
Fedhas
Gozag
Hepliaklqana
Kikubaaqudgha
Makhleb
Nemelex Xobeh
Okawaru
Qazlal
Ru
Sif Muna
Trog
Uskayaw
Vehumet
Xom
Yredelemnul
Zin
The Shining One

Shops:
D:10 }

Annotations:
D:4 godofchicken's ghost, amateur SpVM
D:11 Josephine


Innate Abilities, Weirdness & Mutations

You heal slowly.
You have razor-sharp teeth.
You have supernaturally acute eyesight. (SInv)
((You can survive without breathing.))


Message History

Your howler monkey zombie hits the large slime creature.
You puncture the large slime creature!
The large slime creature is moderately wounded.
The slime creature hits you!
* * * LOW HITPOINT WARNING * * *
The slime creature hits you but does no damage.
You turn into a vampire bat.
Your +5 dagger melds into your body.
Your +2 cloak melds into your body.
Your +1 helmet melds into your body.
Your +0 pair of gloves melds into your body.
Your +0 pair of boots melds into your body.
Your +0 steam dragon scales melds into your body.
Your +3 ring of evasion melds into your body.
Your +3 ring of slaying melds into your body.
The large slime creature is no longer blind.
Your howler monkey zombie hits the large slime creature.
The slime creature barely misses you. The slime creature misses you.
The large slime creature hits you!!!
Ouch! That really hurt!
You die...
Kikubaaqudgha rasps: "You have failed me!
Welcome... oblivion!"

...........#########....
........................
...._.............#####
..................#
..................#
..................#
###############...#
......Z.Z.....#...#
.....##Z###...#.bZ#
.....#....#.###JJJ#
.....#....#Z#.....#
....Z#....#.#.....#
.....######.#.....#
.....(..(...#.....#
###.ZZ......#.....#
..###)#######.....#
..............


You could see a large slime creature, 2 slime creatures and a friendly howler
monkey zombie.

Vanquished Creatures
  Snorg (D:11)
  Erolcha (D:12)
  Fannar (D:12)
  A hydra (D:11)
  Erica (D:11)
  2 hill giants
  2 ugly things (D:11)
  Psyche (D:12)
  A kobold demonologist (D:10)
  A komodo dragon (D:8)
  A troll (D:12)
  A two-headed ogre (D:9)
  4 slime creatures (D:12)
  A hornet (D:12)
  6 hippogriffs
  Sigmund (D:5)
  2 wraiths
  2 wyverns
  A basilisk (D:11)
  11 yaks
  3 hungry ghosts
  2 steam dragons (D:10)
  4 wargs (D:9)
  2 mottled dragons
  A water moccasin (D:11)
  2 black bears
  3 orc warriors
  2 ice beasts
  A hornet zombie (D:9)
  5 sky beasts
  2 phantoms
  6 ogres
  13 centaurs
  2 crocodiles (D:8)
  Blork the orc (D:5)
  4 big kobolds
  2 bullfrogs
  3 wyvern zombies
  A wyvern skeleton (D:12)
  A water moccasin skeleton (D:9)
  5 scorpions
  An electric eel (D:6)
  3 howler monkeys
  6 wights
  8 crimson imps
  5 bullfrog zombies
  2 quasits (D:11)
  5 hounds
  4 jellies
  A gnoll shaman (D:5)
  2 orc priests
  4 centaur skeletons
  Terence (D:2)
  3 bullfrog skeletons
  9 iguanas
  4 orc wizards
  11 worker ants
  2 hound zombies
  3 hound skeletons
  Robin (D:2)
  2 worker ant zombies
  3 gnolls (D:5)
  13 adders
  A shadow imp (D:7)
  2 oozes
  An adder zombie (D:5)
  5 worms
  2 dart slugs
  4 leopard geckos
  23 orcs
  9 giant cockroaches
  17 goblins
  13 hobgoblins
  13 jackals
  4 quokkas
  5 bats
  7 frilled lizards
  16 kobolds
  9 rats
331 creatures vanquished.

Vanquished Creatures (collateral kills)
  Rupert (D:12)
  2 wights
  A crimson imp (D:11)
  A bullfrog zombie (D:12)
  A worker ant (D:11)
  An iguana (D:7)
  A leopard gecko (D:5)
  6 orcs
  A goblin (D:9)
  A jackal (D:11)
  2 kobolds (D:10)
18 creatures vanquished.

Vanquished Creatures (others)
  5 dancing weapons
  2 orcs
7 creatures vanquished.

Grand Total: 356 creatures vanquished

Notes
Turn   | Place    | Note
-------+----------+-------------------------------------------
     0 | D:1      | dngmouse the Vampire Enchanter began the quest for the Orb.
     0 | D:1      | Reached XP level 1. HP: 13/13 MP: 3/3
   348 | D:1      | Reached XP level 2. HP: 19/19 MP: 5/5
   396 | D:1      | Reached skill level 5 in Stealth
   431 | D:1      | Learned a level 2 spell: Ensorcelled Hibernation
  1034 | D:2      | Noticed Robin
  1039 | D:2      | Reached XP level 3. HP: 24/24 MP: 2/6
  1059 | D:2      | Killed Robin
  1062 | D:2      | Reached skill level 5 in Hexes
  1594 | D:2      | Found a faded altar of an unknown god.
  1676 | D:2      | Noticed Terence
  2140 | D:2      | Reached XP level 4. HP: 30/30 MP: 4/7
  2591 | D:2      | Killed Terence
  2591 | D:2      | Reached skill level 6 in Stealth
  2597 | D:2      | Learned a level 3 spell: Confuse
  3122 | D:3      | Found a sacrificial altar of Ru.
  3398 | D:3      | Reached XP level 5. HP: 35/35 MP: 8/8
  3466 | D:3      | Found an iron altar of Okawaru.
  4110 | D:3      | Reached skill level 7 in Stealth
  4411 | D:4      | Reached XP level 6. HP: 39/41 MP: 6/9
  4442 | D:4      | Reached skill level 8 in Stealth
  4513 | D:4      | Noticed godofchicken's ghost (amateur SpVM)
  4980 | D:5      | Entered Level 5 of the Dungeon
  4992 | D:5      | Noticed an ice beast
  4995 | D:5      | Killed an ice beast
  4995 | D:5      | Reached skill level 9 in Stealth
  5000 | D:5      | Learned a level 3 spell: Tukima's Dance
  5031 | D:5      | Noticed Sigmund
  5043 | D:5      | Killed Sigmund
  5043 | D:5      | Reached XP level 7. HP: 46/46 MP: 4/10
  5052 | D:5      | Reached skill level 1 in Ice Magic
  5098 | D:5      | Found a staircase to the Ecumenical Temple.
  5107 | Temple   | Entered the Ecumenical Temple
  5173 | D:5      | Noticed Blork the orc
  5198 | D:5      | Killed Blork the orc
  5198 | D:5      | Reached skill level 10 in Stealth
  5577 | D:5      | Found a sparkling altar of Nemelex Xobeh.
  5577 | D:5      | Found a bloodstained altar of Trog.
  5620 | D:5      | Reached skill level 11 in Stealth
  6112 | D:6      | Reached XP level 8. HP: 52/52 MP: 2/11
  6866 | D:6      | Found an opulent altar of Gozag.
  7219 | D:7      | Reached skill level 12 in Stealth
  7225 | D:7      | Learned a level 3 spell: Dazzling Spray
  7990 | D:7      | Reached XP level 9. HP: 57/57 MP: 0/15
  8658 | D:7      | Reached skill level 13 in Stealth
  8668 | D:7      | Reached skill level 5 in Spellcasting
  8668 | D:7      | Reached skill level 10 in Hexes
  9473 | D:8      | Noticed a komodo dragon
  9480 | D:8      | Killed a komodo dragon
  9511 | D:8      | Reached skill level 14 in Stealth
  9591 | D:8      | Found a staircase to the Lair.
  9645 | D:8      | Reached skill level 5 in Short Blades
  9786 | D:9      | Got a bound amber ring
  9962 | D:9      | Reached XP level 10. HP: 63/63 MP: 9/19
 10217 | D:9      | Found a blossoming altar of Fedhas.
 10219 | D:9      | Found an ancient bone altar of Kikubaaqudgha.
 10235 | D:9      | Became a worshipper of Kikubaaqudgha
 10498 | D:9      | Reached skill level 15 in Stealth
 10898 | D:9      | Reached * piety under Kikubaaqudgha
 10898 | D:9      | Identified Kikubaaqudgha's Grimoire of Evil Rites (Kikubaaqudgha gifted it to you on level 9 of the Dungeon)
 10898 | D:9      | Received a gift from Kikubaaqudgha
 10898 | D:9      | Reached skill level 5 in Dodging
 11338 | D:9      | Learned a level 1 spell: Animate Skeleton
 11428 | D:9      | Found a staircase to the Orcish Mines.
 11443 | D:9      | Reached skill level 1 in Necromancy
 11744 | D:10     | Entered Level 10 of the Dungeon
 12330 | D:10     | Found Woikliuk's Gadget Emporium.
 12335 | D:10     | Reached skill level 16 in Stealth
 12335 | D:10     | Reached XP level 11. HP: 68/68 MP: 22/22
 12471 | D:10     | Found a shimmering altar of Xom.
 12473 | D:10     | Found a glowing golden altar of the Shining One.
 12473 | D:10     | Found a bloodstained altar of Trog.
 12475 | D:10     | Found a glowing silver altar of Zin.
 12475 | D:10     | Found a white marble altar of Elyvilon.
 12475 | D:10     | Found a stormy altar of Qazlal.
 12543 | D:10     | Reached ** piety under Kikubaaqudgha
 12732 | D:10     | Noticed a hill giant
 12750 | D:10     | Learned a level 2 spell: Corpse Rot
 12857 | D:11     | Noticed Erica
 12985 | D:11     | Noticed Snorg
 12992 | D:11     | Killed Snorg
 13023 | D:11     | Noticed a red ugly thing
 13034 | D:11     | Killed a red ugly thing
 13232 | D:11     | Reached skill level 17 in Stealth
 13289 | D:11     | Killed Erica
 13653 | D:11     | Noticed Josephine
 13740 | D:10     | Killed a hill giant
 14458 | D:11     | Noticed a six-headed hydra
 14473 | D:11     | Killed a six-headed hydra
 14538 | D:11     | Noticed a white ugly thing
 14546 | D:11     | Killed a white ugly thing
 14612 | D:11     | Noticed a hill giant
 14618 | D:11     | Killed a hill giant
 14618 | D:11     | Reached *** piety under Kikubaaqudgha
 14618 | D:11     | Identified Kikubaaqudgha's Tome of Stolen Souls (Kikubaaqudgha gifted it to you on level 11 of the Dungeon)
 14618 | D:11     | Received a gift from Kikubaaqudgha
 14618 | D:11     | Reached skill level 5 in Necromancy
 14630 | D:11     | Learned a level 4 spell: Animate Dead
 15075 | D:12     | Reached XP level 12. HP: 74/74 MP: 25/25
 15098 | D:12     | Reached skill level 18 in Stealth
 15278 | D:12     | Noticed Rupert
 15294 | D:12     | Noticed Psyche
 15302 | D:12     | Killed Psyche
 15308 | D:12     | Killed Rupert
 15385 | D:12     | Noticed Fannar
 15398 | D:12     | Killed Fannar
 15750 | D:12     | Found a burning altar of Makhleb.
 15849 | D:12     | Noticed Erolcha
 15855 | D:12     | Killed Erolcha
 16091 | D:12     | Reached **** piety under Kikubaaqudgha
 16102 | D:12     | Reached skill level 10 in Spellcasting
 16110 | D:12     | Annihilated by a large slime creature

Skill      XL: |  1  2  3  4  5  6  7  8  9 10 11 12 |
---------------+-------------------------------------+-----
Stealth        | 5 6 7 9 11 12 14 16 17 18 | 18.8
Hexes          | 5 6 7 9 10 | 10.2
Short Blades   | 2 3 4 5 6 |  6.0
Ice Magic      | 1 |  1.0
Spellcasting   | 4 6 7 9 10 | 10.0
Dodging        | 4 6 7 8 |  8.6
Necromancy     | 2 5 6 |  6.5

Action                   |  1- 3 |  4- 6 |  7- 9 | 10-12 || total
-------------------------+-------+-------+-------+-------++-------
Melee: Dagger            |   124 |   240 |   239 |   262 ||   865
       Bite              |     7 |    22 |    15 |    16 ||    60
Throw: Stone             |       |    12 |       |       ||    12
 Cast: Ensorcelled Hiber |     9 |    22 |    74 |   111 ||   216
       Corona            |     1 |       |       |     3 ||     4
       Confuse           |       |     2 |     8 |    36 ||    46
       Tukima's Dance    |       |     1 |    23 |    25 ||    49
       Animate Skeleton  |       |       |       |    27 ||    27
       Animate Dead      |       |       |       |     6 ||     6
       Corpse Rot        |       |       |       |     1 ||     1
       Dazzling Spray    |       |       |       |     1 ||     1
 Abil: Bat Form          |       |       |       |     3 ||     3
       End Transformatio |       |       |       |     2 ||     2
  Use: Potion            |     1 |     4 |     7 |     9 ||    21
       Scroll            |       |       |     8 |       ||     8
 Stab: Sleeping          |    10 |    26 |    60 |   104 ||   200
       Distracted        |     1 |     3 |     2 |     3 ||     9
       Confused          |       |       |     2 |    13 ||    15
Armor: Robe              |    18 |    51 |    64 |    22 ||   155
       Steam dragon scal |       |       |       |    35 ||    35
Dodge: Dodged            |    91 |   166 |   191 |   210 ||   658
